 Dungeon Crawl Stone Soup version 0.29-a0-360-g8ed1089bbe (webtiles) character file.

Game seed: 9096886120192982026

170 ytrimaz the Insei (level 5, -1/33 HPs)
             Began as an Octopode Transmuter on Apr 28, 2022.
             Was an Initiate of Dithmenos.
             Slain by an orc
             ... wielding a +0 short sword
              (6 damage)
             ... on level 3 of the Dungeon.
             The game lasted 00:04:32 (4086 turns).

ytrimaz the Insei (Octopode Transmuter)             Turns: 4086, Time: 00:04:33

Health: -1/33      AC:  2    Str: 10    XL:     5   Next: 51%
Magic:  9/9        EV: 13    Int: 17    God:    Dithmenos [......]
Gold:   73         SH:  0    Dex: 12    Spells: 3/9 levels left

rFire   . . .      SeeInvis .     - Unarmed
rCold   . . .      Faith    +   (no shield)
rNeg    . . .      Spirit   .   b - +1 hat
rPois   .          Reflect  .   i - amulet of faith
rElec   .          Harm     .   (no ring)
rCorr   .          Rampage  .   (no ring)
Will    .....                   (no ring)
Stlth   +++.......              (no ring)
HPRegen 0.11/turn               (no ring)
MPRegen 0.11/turn               (no ring)
                                (no ring)
                                (no ring)

@: no status effects
A: almost no armour, amphibious, 8 rings, camouflage 1, gelatinous body 1,
(nimble swimmer 1), tentacles
a: Renounce Religion


You were on level 3 of the Dungeon.
You worshipped Dithmenos.
Dithmenos was noncommittal.
You visited 1 branch of the dungeon, and saw 4 of its levels.

You collected 73 gold pieces.

Inventory:

Armour
 b - a +1 hat (worn)
Jewellery
 i - an amulet of faith (around mantle)
Scrolls
 e - a scroll of enchant weapon
 f - 2 scrolls of magic mapping
 g - a scroll of amnesia
Potions
 a - a potion of lignification
 c - 2 potions of invisibility
 d - a potion of mutation {unknown}
 h - a potion of might {unknown}
 j - 2 potions of magic {unknown}
 k - a potion of heal wounds {unknown}


   Skills:
 - Level 1.0 Fighting
 - Level 2.0 Dodging
 * Level 3.9 Stealth
 + Level 4.3 Unarmed Combat
 + Level 2.7 Spellcasting
 + Level 2.8 Transmutations


You had 3 spell levels left.
You knew the following spells:

 Your Spells              Type           Power      Damage    Failure   Level
a - Beastly Appendage     Tmut           24%        N/A       5%          1
b - Wereblood             Tmut           12%        N/A       9%          2
c - Spider Form           Tmut/Pois      7%         N/A       30%         3

Your spell library contained the following spells:

 Spells                   Type           Power      Damage    Failure   Level
 Corpse Rot               Necr/Air       4%         N/A       26%         2
 Poisonous Vapours        Pois/Air       4%         N/A       26%         2
 Ice Form                 Ice/Tmut       7%         N/A       69%         4


Dungeon Overview and Level Annotations

Branches:
Dungeon (4/15)
 Temple: D:4-7

Altars:
Dithmenos


Innate Abilities, Weirdness & Mutations

You cannot wear most types of armour.
You are amphibious.
You can wear up to eight rings at the same time.
Your skin changes colour to match your surroundings (Stealth+).
Your rubbery body absorbs attacks. (AC +1, EV +1)
((You are camouflaged when in or above water. (Stealth+)))
You have tentacles for arms and can constrict up to eight enemies at once.


Message History

There is an open door here.
An ogre comes into view. It is wielding a +0 giant club.
The ogre moves out of view.
Things that are here:
a +0 robe; a +0 dagger No target in view!
An ogre is nearby!
An ogre is nearby!
Which direction?
You close the door.
You close the door.
Something unseen opens the door.
There is an open door here.
There is a stone staircase leading up, spattered with blood here.
You close the door.
You climb upwards.
There is a stone staircase leading down, spattered with blood here.
There is a stone staircase leading up, spattered with blood here.
There is a stone staircase leading down here.
You climb downwards.
There is a stone staircase leading up here.
The helpless orc fails to defend itself.
You tentacle-slap the orc. Your grab misses the orc.
The orc is moderately wounded.
The orc hits you with a +0 war axe!
The orc shouts! x2
The endoplasm quivers.
You tentacle-slap the orc.
You kill the orc!
Dithmenos accepts your kill. The orc hits you with a +0 hand axe.
Unknown command.
The endoplasm hits you but does no damage.
The orc hits you with a +0 short sword. The orc hits you with a +0 hand axe!
* * * LOW HITPOINT WARNING * * *
You climb upwards.
There is a stone staircase leading down here.
Unknown command.
The orc attacks as you move away! The orc hits you with a +0 short sword.
You die...

...##..# #.#...........#
### .......#
#.#...........#####
....##.#
#.###########.....###
....##.## #..# #####....
...###..# ##.# #####..#.
...# ##.######.#####
#.....### ...#
#.##.........# ##.#####..
...# #.##.......o.# #..#
#.# ...#
#.##......@..#####.######.#
####
#.##.....J.o.#.....##.....#
#.##...........######.####.
#............########.# #.
###.................^...#
#.
#.[.....#################
#. ######### #. #. ##


You could see 2 orcs and an endoplasm.

Vanquished Creatures
  A jelly (D:4)
  An orc wizard (D:4)
  An adder (D:2)
  2 dart slugs
  7 orcs
  3 ball pythons
  10 endoplasms
  4 giant cockroaches
  7 goblins
  13 hobgoblins
  6 jackals (D:3)
  3 quokkas
  6 bats
  6 frilled lizards
  4 kobolds
  5 rats
79 creatures vanquished.

Notes
Turn   | Place    | Note
-------+----------+-------------------------------------------
     0 | D:1      | ytrimaz the Octopode Transmuter began the quest for the
                  | Orb.
     0 | D:1      | Reached XP level 1. HP: 13/13 MP: 3/3
    88 | D:1      | Reached skill level 1 in Stealth
    88 | D:1      | Reached XP level 2. HP: 15/18 MP: 3/5
   389 | D:1      | Reached XP level 3. HP: 23/23 MP: 6/6
  1537 | D:2      | Learned a level 2 spell: Wereblood
  1977 | D:2      | Reached XP level 4. HP: 28/28 MP: 7/7
  2117 | D:3      | Found a shadowy altar of Dithmenos.
  2199 | D:3      | Became a worshipper of Dithmenos the Shadowed
  2367 | D:3      | Learned a level 3 spell: Spider Form
  2568 | D:3      | Noticed an eye of devastation
  2604 | D:3      | Noticed a great orb of eyes
  2606 | D:3      | Found a faded altar of an unknown god.
  2608 | D:3      | Noticed a shining eye
  2608 | D:3      | Noticed an eye of devastation
  3494 | D:4      | HP: 1/28 [something (3)]
  3496 | D:4      | Reached skill level 4 in Unarmed Combat
  3496 | D:4      | Reached XP level 5. HP: 1/33 MP: 8/8
  4030 | D:4      | Noticed an ogre
  4086 | D:3      | Slain by an orc

Illustrated notes

Levels and vault maps discovered:
D:1:      roderic_crossed_star, layout_basic
D:2:      layout_basic, st_stairs_12
D:3:      layout_rooms, nicolae_dithmenos_the_darkroom,
          hellmonk_ecumenical_altar_watching_god
D:4:      layout_gridville, mainiacjoe_overflow_alcove_1, grunt_ministairs_11,
          minmay_misc_feat_plants

Skill      XL: |  1  2  3  4 |
---------------+-------------+-----
Stealth        | 1 2 3 |  3.9
Unarmed Combat | 4 |  4.3
Fighting       | |  1.0
Dodging        | |  2.0
Spellcasting   | |  2.7
Transmutations | |  2.8

Action                   |  1- 3 |  4- 6 || total
-------------------------+-------+-------++-------
Melee: Unarmed           |    97 |    76 ||   173
       Tentacles         |    17 |    12 ||    29
       Constrict         |    27 |    18 ||    45
       Kick              |    13 |    11 ||    24
       Punch             |     2 |       ||     2
 Cast: Beastly Appendage |    17 |     8 ||    25
       Wereblood         |       |     1 ||     1
  Use: Scroll            |     7 |     1 ||     8
       Potion            |     1 |       ||     1
 Stab: Sleeping          |     8 |     2 ||    10
Armor: Skin              |     9 |     5 ||    14
Dodge: Dodged            |    72 |    53 ||   125

Table legend: (Time is in decaauts)
 A = Elapsed time spent in this place.
 B = Non-inter-level travel time spent in this place.
 C = Inter-level travel time spent in this place.
 D = Time resting spent in this place.
 E = Time spent auto-exploring this place.
 F = Levels seen in this place.
 G = Mean time per level.
                   A        B        C        D        E       F      G
               +--------+--------+--------+--------+--------+-----+--------+
         Total |   4088 |   3951 |    137 |    884 |   2330 |   4 | 1022.0 |
       Dungeon |   4088 |   3951 |    137 |    884 |   2330 |   4 | 1022.0 |
               +--------+--------+--------+--------+--------+-----+--------+

Top non-repeatable levels by time:
     D:3: 2001 daAuts
     D:2: 1042 daAuts
     D:1: 923 daAuts
     D:4: 120 daAuts
